AoeStats
← alexisvaldezgervacio8

Arena

510041336Analyzed
2v2 RM · 1d ago on Sep 29, 2026· 72m 8s· 4 players
Game mode
Random Map
Map size
Medium (4 player)
Population
200
Speed
Normal
Resources
Standard
Victory
Conquest
Starting age
Dark Age
Ending age
Imperial Age
RankedLock teamsTeams togetherTeam positionsShared explorationLock speedFull tech treeHidden civsTurbo modeCheats
Victory
Defeat
🇹🇼 Cumans · Taiwan
1067
+19
1045
+20
🇲🇽 Wu · Mexico
1248
-24
🇲🇽 Poles · Mexico
1023
-15
alexisvaldezgervacio8
11:58 Feudal Age
11:41 Loom
15:45 Castle Age
16:12 Double-Bit Axe
16:09 Horse Collar
18:56 Wheelbarrow
24:15 Fletching
31:51 Imperial Age
30:54 Bodkin Arrow
31:12 Forging
31:49 Scale Barding Armor
32:10 Bloodlines
32:01 Husbandry
33:33 Conscription
34:29 Iron Casting
37:49 Bow Saw
38:59 Blast Furnace
37:56 Light Cavalry
39:03 Bracer
38:58 Hussar
40:28 Chain Barding Armor
40:09 Padded Archer Armor
43:08 Plate Barding Armor
42:46 Vendel Legacy
51:36 Heavy Plow
51:54 Hand Cart
52:21 Leather Archer Armor
51:54 Cavalier
54:04 Two-Man Saw
52:45 Elite Jarl
57:15 Ring Archer Armor
60:24 Gambesons
65:24 Scale Mail Armor
65:50 Gold Mining
65:51 Stone Mining
garyoling
1:19 Loom
9:00 Feudal Age
10:07 Double-Bit Axe
11:16 Horse Collar
22:16 Castle Age
20:31 Gold Mining
21:12 Scale Barding Armor
21:39 Bloodlines
22:49 Wheelbarrow
24:51 Bow Saw
33:18 Imperial Age
36:03 Stone Mining
36:49 Gold Shaft Mining
39:11 Hand Cart
41:14 Forging
43:05 Chain Barding Armor
43:50 Heavy Plow
45:40 Two-Man Saw
46:49 Plate Barding Armor
46:50 Iron Casting
45:47 Elite Skirmisher
46:33 Thumb Ring
46:17 Elite Steppe Lancer
47:40 Steppe Husbandry
47:44 Town Watch
48:08 Fletching
48:19 Padded Archer Armor
49:41 Crop Rotation
51:00 Sanctity
53:42 Bodkin Arrow
54:48 Blast Furnace
57:33 Leather Archer Armor
57:01 Light Cavalry
58:23 Hussar
63:02 Ring Archer Armor
Lord_Rocky
0:25 Loom
10:38 Feudal Age
15:28 Castle Age
13:58 Horse Collar
14:45 Double-Bit Axe
17:11 Bow Saw
29:58 Imperial Age
28:07 Fletching
28:18 Padded Archer Armor
28:32 Stone Mining
28:59 Gold Mining
29:16 Scale Barding Armor
29:07 Bodkin Arrow
28:39 Pikeman
30:39 Chain Barding Armor
30:17 Light Cavalry
31:07 Bloodlines
31:21 Conscription
31:44 Stone Shaft Mining
32:30 Chemistry
31:47 Husbandry
32:18 Heavy Plow
32:25 Winged Hussar
35:21 Elite Skirmisher
37:38 Wheelbarrow
39:00 Bracer
39:10 Forging
39:49 Szlachta Privileges
40:08 Lechitic Legacy
41:05 Leather Archer Armor
52:34 Iron Casting
59:27 Scale Mail Armor
RMXs | EnanoMora
9:55 Feudal Age
11:02 Man-at-Arms
13:30 Scale Mail Armor
13:20 Fletching
15:09 Arson
16:48 Forging
22:16 Castle Age
20:35 Double-Bit Axe
21:20 Gold Mining
21:22 Stone Mining
21:41 Horse Collar
22:54 Padded Archer Armor
24:51 Pikeman
25:34 Squires
26:30 Wheelbarrow
25:43 Loom
26:24 Bodkin Arrow
28:08 Leather Archer Armor
30:22 Iron Casting
31:54 Ballistics
32:17 Chain Mail Armor
33:09 Red Cliffs Tactics
34:24 Hand Cart
38:53 Imperial Age
40:11 Plate Mail Armor
40:41 Blast Furnace
40:25 Bracer
41:37 Chemistry
42:19 Gold Shaft Mining
42:01 Bow Saw
42:07 Town Watch
41:50 Elite Skirmisher
42:43 Halberdier
44:50 Conscription
44:18 Crossbowman
45:35 Town Patrol
46:37 Caravan
49:24 Two-Man Saw
48:26 Heavy Plow
50:13 Stone Shaft Mining
50:24 Arbalester
54:29 Coinage
55:37 Onager
64:26 Banking
Connection lost

Rejoining the realm…

Still unreachable

The connection could not be restored.

Session expired

The server has moved on; the page needs a fresh start.